 Dungeon Crawl Stone Soup version 0.25.1-2-g60ff931df9 (webtiles) character file.

Game seed: 9211166974631913437

11727 DearestLeader the Destroyer (level 11, -1/85 HPs)
             Began as a Red Draconian Conjurer on Oct 29, 2020.
             Was a Believer of Vehumet.
             Slain by a killer bee (15 damage)
             ... in a Gauntlet.
             The game lasted 00:33:49 (12625 turns).

DearestLeader the Destroyer (DrCj)                 Turns: 12625, Time: 00:33:50

Health: -1/85      AC: 19    Str: 10    XL:     11   Next: 53%
Magic:  21/31      EV: 12    Int: 22    God:    Vehumet [**....]
Gold:   553        SH:  0    Dex: 12    Spells: 14/24 levels left

rFire    + . .     SeeInvis .   h - +1 whip (elec)
rCold    . . .     Gourm    .   (no shield)
rNeg     . . .     Faith    .   (armour unavailable)
rPois    .         Spirit   .   E - +2 hat {Int+3}
rElec    .         Reflect  .   r - +2 cloak {Stlth+}
rCorr    .         Harm     .   (no gloves)
MR       ++...     NoTele   +   p - +2 pair of boots of the Dice {Stlth+}
Stlth    +++.......             I - amulet of magic regeneration
HPRegen  0.24/turn              y - ring of magical power
MPRegen  0.47/turn              f - +4 ring of protection

@: lethally poisoned (-1 -> -5), very slightly contaminated
A: breathe fire, unfitting armour, fire resistance 1, magic resistance 2,
cold-blooded, MP-powered wands, AC +7
a: Breathe Fire, Renounce Religion


You were in a Gauntlet.
You worshipped Vehumet.
Vehumet was pleased with you.
You were hungry.

You visited 2 branches of the dungeon, and saw 12 of its levels.
You also visited: Ossuary and Gauntlet.

You collected 553 gold pieces.

Inventory:

Hand Weapons
 h - a +1 whip of electrocution (weapon)
 i - a +0 short sword
Missiles
 a - 33 poisoned darts (quivered)
Armour
 p - the +2 pair of boots of the Dice (worn) {Stlth+}
   (You acquired it on level 10 of the Dungeon)

   It makes you more stealthy.
 r - a +2 cloak of stealth (worn)
 E - a +2 hat of intelligence (worn)
Jewellery
 f - a +4 ring of protection (right hand)
 g - an uncursed ring of stealth
 m - an uncursed amulet of guardian spirit
 x - an uncursed ring of see invisible
 y - a ring of magical power (left hand)
 I - an amulet of magic regeneration (around neck)
Wands
 s - a wand of acid (11)
 C - a wand of polymorph (12)
Scrolls
 c - 6 scrolls of remove curse
 e - a scroll of teleportation
 j - a scroll of immolation
 k - 3 scrolls of blinking
 q - a scroll of fog
 D - a scroll of vulnerability
 F - a scroll of torment
Potions
 d - 3 potions of mutation
 l - a potion of heal wounds
 n - 2 potions of stabbing
 o - 6 potions of haste
 t - a potion of degeneration {unknown}
 u - 3 potions of flight
 v - 3 potions of magic
 w - 3 potions of curing
 z - 2 potions of lignification
 A - a potion of ambrosia
Comestibles
 b - 10 rations


   Skills:
 * Level 4.8 Fighting
 - Level 2.1 Dodging
 - Level 1.7 Stealth
 + Level 7.4 Spellcasting
 * Level 14.3 Conjurations
 - Level 6.4 Hexes


You had 14 spell levels left.
You knew the following spells:

 Your Spells              Type           Power        Failure   Level  Hunger
a - Magic Dart            Conj           ####         1%          1    None
b - Searing Ray           Conj           ######       1%          2    None
c - Fulminant Prism       Conj/Hex       ######....   1%          4    ###....
d - Dazzling Flash        Conj/Hex       ######       1%          3    None

Your spell library contained the following spells:

 Spells                   Type           Power        Failure   Level  Hunger
 Freeze                   Ice            #...         8%          1    None
 Shock                    Conj/Air       ####         1%          1    None
 Confusing Touch          Hex            #####...     1%          3    None
 Static Discharge         Conj/Air       #####...     1%          3    None
 Iskenderun's Mystic Bla  Conj/Tloc      #####...     4%          4    ###....
 Swiftness                Chrm/Air       #.......     12%         2    None
 Lightning Bolt           Conj/Air       #####.....   12%         5    #####..
 Gell's Gravitas          Tloc           #.........   24%         3    None
 Metabolic Englaciation   Hex/Ice        ###.......   50%         5    #####..
 Yara's Violent Unravell  Hex/Tmut       ###.......   50%         5    #####..
 Airstrike                Air            #.........   61%         4    ###....
 Petrify                  Tmut/Erth      #.......     61%         4    ###....


Dungeon Overview and Level Annotations

Branches:
Dungeon (11/15)            Temple (1/1) D:7         Ossuary (visited)
Gauntlet (1/1)
   Lair: D:8-11         Orc: D:9-12

Altars:
Ashenzari
Cheibriados
Dithmenos
Fedhas
Gozag
Hepliaklqana
Kikubaaqudgha
Makhleb
Nemelex Xobeh
Okawaru
Qazlal
Sif Muna
Uskayaw
Vehumet
Xom
Zin
The Shining One

Annotations:
Gauntlet 5 runed translucent doors, 9 transporters


Innate Abilities, Weirdness & Mutations

You can breathe blasts of fire.
Your fiery red scales are hard. (AC +7)
You cannot fit into any form of body armour.
Your flesh is heat resistant. (rF+)
You are cold-blooded and may be slowed by cold attacks.
You are highly resistant to hostile enchantments. (MR++)
You expend magic power (3 MP) to strengthen your wands.


Message History

The killer bee poisons you! The killer bee barely misses you.
The killer bee misses you.
You feel better. The killer bee misses you.
The killer bee stings you but does no damage.
The killer bee stings you.
* * * LOW HITPOINT WARNING * * *
The killer bee barely misses you. The killer bee stings you.
* * * LOW HITPOINT WARNING * * *
You are poisoned.
The killer bee poisons you! The killer bee closely misses you.
Casting: Searing Ray (safe; 1% risk of failure)
Confirm with . or Enter, or press ? or * to list all spells.
Aiming: Searing Ray (safe; 1% risk of failure)
Press: ? - help, Shift-Dir - straight line, f/p - killer bee
Aim: a killer bee (severely wounded, berserk)
The searing ray misses the killer bee.
The searing ray hits the killer bee!
The killer bee is almost dead. (Press . to maintain the ray.)
You feel sick. The killer bee barely misses you. The killer bee stings you!
You die...

#################################
#≈#§#≈#§#≈#≈#≈#§#≈#≈#≈#≈#≈#§#≈#≈#
.......§§.....§§§.........§§....§
.................................
#########..###########..#########
.ss≈.©s.#..#.........#..#.....#..
≈.≈≈.≈≈≈#..#.##^..##.#..#..##..#.
.≈..≈≈..#..#?^##y##..#..#..#..##.
≈.≈≈...s####[..#@#...####..##..#.
..≈..≈≈.#©©#©..#©yy..#©©#§.#.©##.
..≈≈.≈.≈####...#.#...####..##..#.
.≈..≈..≈#..#.^##.##..#..#..#..##.
≈≈≈..≈≈.#..#.##^..##.#..#..##..#.
...≈≈...#..#.y.....^.#..#.....#..
#########..###########..#########
.................................
..............................∩..


You could see 3 killer bees.

Vanquished Creatures
  Gastronok (D:8)
  4 two-headed ogres
  Pikel (D:4)
  A troll (D:10)
  2 hornets
  Grinder (D:3)
  A queen bee (Gauntlet)
  Sigmund (D:3)
  A wyvern (D:10)
  6 yaks
  Grum (D:10)
  2 hungry ghosts
  An orc warrior (D:10)
  2 sky beasts
  2 black bears
  2 slaves (D:4)
  2 necrophages
  2 phantoms
  4 wolves (D:10)
  5 ogres
  Blork the orc (D:6)
  3 bullfrogs
  A big kobold (D:7)
  A spiny frog simulacrum (Gauntlet)
  A wyvern skeleton (D:10)
  4 scorpions
  5 killer bees
  4 electric eels (D:7)
  6 howler monkeys
  3 crimson imps
  A bullfrog zombie (Ossuary)
  2 centaur zombies
  4 hounds
  5 jellies
  Crazy Yiuf (D:3)
  4 orc priests
  A centaur skeleton (D:6)
  10 mummies (Ossuary)
  11 orc wizards
  4 iguanas
  A hell rat (D:8)
  6 worker ants
  2 bullfrog simulacra (Gauntlet)
  A centaur simulacrum (Gauntlet)
  2 hound zombies
  A hound skeleton (D:7)
  3 howler monkey zombies (Ossuary)
  5 worker ant zombies
  A howler monkey skeleton (D:10)
  7 gnolls
  9 adders
  A river rat (D:4)
  A shadow imp (D:5)
  2 adder zombies (Ossuary)
  3 worms
  A dart slug (D:1)
  6 leopard geckos
  36 orcs
  A ball python (D:3)
  10 bats
  3 giant cockroaches
  6 goblins
  7 hobgoblins
  14 jackals
  4 quokkas
  10 frilled lizards
  2 jackal zombies (Ossuary)
  8 kobolds
  5 leopard gecko zombies (Ossuary)
  2 quokka zombies
  6 rats
  2 plants (D:7)
282 creatures vanquished.

Vanquished Creatures (others)
  A bullfrog (D:4)
  An orc wizard (D:4)
  2 orcs (D:4)
  8 fulminant prisms
  12 plants (D:7)
24 creatures vanquished.

Grand Total: 306 creatures vanquished

Notes
Turn   | Place    | Note
-------+----------+-------------------------------------------
     0 | D:1      | DearestLeader the Draconian Conjurer began the quest for
                  | the Orb.
     0 | D:1      | Reached XP level 1. HP: 14/14 MP: 3/3
   431 | D:1      | Reached XP level 2. HP: 20/20 MP: 0/5
  1224 | D:2      | Reached skill level 5 in Conjurations
  1383 | D:2      | Reached XP level 3. HP: 26/26 MP: 6/6
  1709 | D:2      | Found a burning altar of Makhleb.
  1951 | D:2      | Reached XP level 4. HP: 33/33 MP: 7/7
  2209 | D:3      | Noticed Sigmund
  2572 | D:4      | Reached skill level 6 in Conjurations
  2623 | D:4      | Gained mutation: You expend magic power (3 MP) to
                  | strengthen your wands. [potion of mutation]
  2623 | D:4      | Gained mutation: You are resistant to hostile enchantments.
                  | (MR+) [potion of mutation]
  2623 | D:4      | Gained mutation: You are highly resistant to hostile
                  | enchantments. (MR++) [potion of mutation]
  2630 | D:4      | Reached XP level 5. HP: 31/38 MP: 0/8
  2848 | D:4      | Learned a level 2 spell: Searing Ray
  2938 | D:4      | Noticed a slave
  2942 | D:4      | Noticed a slave
  2959 | D:4      | Killed a slave
  2968 | D:4      | Killed a slave
  3399 | D:4      | Noticed a phantom
  3406 | D:4      | Killed a phantom
  3406 | D:4      | Reached skill level 7 in Conjurations
  3406 | D:4      | Reached XP level 6. HP: 38/45 MP: 1/9
  3495 | D:4      | Noticed Pikel
  3503 | D:4      | HP: 1/45 [Pikel/+1 whip of electrocution (20)]
  3504 | D:4      | Killed Pikel
  3504 | D:4      | Reached skill level 9 in Conjurations
  3504 | D:4      | Your scales start taking on a fiery red colour.
  3504 | D:4      | Reached XP level 7. HP: 2/50 MP: 2/10
  3504 | D:4      | Gained mutation: Your flesh is heat resistant. (rF+) [Red
                  | Draconian growth]
  4155 | D:3      | Noticed Grinder
  4186 | D:3      | Killed Grinder
  4186 | D:3      | Reached skill level 10 in Conjurations
  4186 | D:3      | Reached XP level 8. HP: 41/57 MP: 2/11
  4299 | D:3      | Learned a level 4 spell: Fulminant Prism
  4317 | D:3      | Killed Sigmund
  4317 | D:3      | Reached skill level 1 in Hexes
  4808 | D:3      | Found a runed translucent door.
  4809 | D:3      | Noticed Crazy Yiuf
  4999 | D:3      | Killed Crazy Yiuf
  5136 | D:5      | Entered Level 5 of the Dungeon
  5350 | D:5      | Learned a level 3 spell: Dazzling Flash
  5555 | D:5      | Found a shimmering altar of Xom.
  6401 | D:6      | Reached skill level 11 in Conjurations
  6406 | D:6      | Reached XP level 9. HP: 59/62 MP: 4/14
  6609 | D:6      | Noticed Blork the orc
  6614 | D:6      | Killed Blork the orc
  7189 | D:7      | Reached skill level 5 in Hexes
  7203 | D:7      | Found a sand-covered staircase.
  7216 | Ossuary  | Entered an ossuary
  8167 | D:7      | Found a staircase to the Ecumenical Temple.
  8174 | Temple   | Entered the Ecumenical Temple
  8355 | Temple   | Became a worshipper of Vehumet
  8672 | D:7      | Reached skill level 12 in Conjurations
  8749 | D:7      | Reached XP level 10. HP: 38/69 MP: 10/17
  9110 | D:8      | Noticed a death yak
  9228 | D:8      | Noticed Gastronok
  9242 | D:8      | Reached skill level 5 in Spellcasting
  9280 | D:8      | Killed Gastronok
  9510 | D:8      | Reached skill level 13 in Conjurations
  9519 | D:8      | Found a shadowy altar of Dithmenos.
  9546 | D:8      | Noticed a death yak
  9608 | D:9      | Noticed a two-headed ogre
  9623 | D:9      | Killed a two-headed ogre
  9878 | D:9      | Found a shimmering altar of Xom.
  9879 | D:9      | Found a burning altar of Makhleb.
  9923 | D:9      | Found an iron altar of Okawaru.
  9934 | D:9      | Paralysed by a hornet for 1 turns
 10208 | D:9      | Noticed a two-headed ogre
 10227 | D:9      | Killed a two-headed ogre
 10227 | D:9      | Reached XP level 11. HP: 64/74 MP: 15/21
 10310 | D:9      | Reached * piety under Vehumet
 10310 | D:9      | Offered knowledge of Foxfire by Vehumet.
 10619 | D:10     | Entered Level 10 of the Dungeon
 10660 | D:10     | Reached skill level 1 in Fighting
 10839 | D:10     | Noticed a two-headed ogre
 10849 | D:10     | Killed a two-headed ogre
 11124 | D:10     | Reached skill level 14 in Conjurations
 11124 | D:10     | Noticed Grum
 11486 | D:10     | Identified a scroll of acquirement
 11492 | D:10     | Acquired the +2 pair of boots of the Dice {Stlth+}
 11593 | D:10     | Noticed a two-headed ogre
 11604 | D:10     | Killed a two-headed ogre
 12068 | D:10     | Killed Grum
 12193 | D:11     | Offered knowledge of Freeze by Vehumet.
 12194 | D:11     | Reached ** piety under Vehumet
 12337 | D:11     | Found a gate leading to a gauntlet.
 12345 | Gauntlet | Entered a Gauntlet
 12345 | Gauntlet | Found a runed translucent gate.
 12345 | Gauntlet | Found a transporter.
 12345 | Gauntlet | Found a transporter.
 12345 | Gauntlet | Found a transporter.
 12346 | Gauntlet | Found a transporter.
 12347 | Gauntlet | Found a transporter.
 12348 | Gauntlet | Found a runed translucent gate.
 12349 | Gauntlet | Found a runed translucent gate.
 12350 | Gauntlet | Found a transporter.
 12354 | Gauntlet | Found a runed translucent door.
 12356 | Gauntlet | Found a runed translucent door.
 12365 | Gauntlet | Found a transporter.
 12366 | Gauntlet | Found a transporter.
 12368 | Gauntlet | Found a transporter.
 12369 | Gauntlet | Found a transporter.
 12373 | Gauntlet | Noticed a wretched star
 12376 | Gauntlet | Found a transporter.
 12376 | Gauntlet | Found a transporter.
 12625 | Gauntlet | Slain by a killer bee

Illustrated notes

Levels and vault maps discovered:
D:1:      minmay_arrival_jagged, layout_basic
D:2:      layout_basic, first_ration, makhleb_blood_cavern_becter
D:3:      layout_rooms, uniq_crazy_yiuf_cottage, uniq_sigmund, uniq_grinder
D:4:      layout_basic, gup_sewer_entry_spiral, grunt_decor_mini_mirrors,
          uniq_pikel
D:5:      layout_cave_pods, basic_altar, serial_park_tiny_2
D:6:      layout_rooms, uniq_blork_the_orc
D:7:      layout_basic, minmay_temple_entry_offerings,
          nicolae_ossuary_entry_ruins, serial_bayou, serial_bayou_lagoon_a,
          serial_bayou_pond_b, serial_bayou_ford_a, serial_bayou_crossing
D:8:      layout_basic, nicolae_overflow_quartered_altars, dpeg_lair_monsters,
          blue_anna_alchemist [blue_anna_fruit_fields, blue_anna_fruit_fields],
          uniq_maggie, uniq_erica, uniq_joseph, uniq_psyche, uniq_gastronok
D:9:      layout_basic, okawaru_ov_weapons_minmay,
          grunt_temple_overflow_champion_of_chaos
D:10:     layout_irregular_city, uniq_grum
D:11:     layout_small_grid, gauntlet_entry_generic
Temple:   regret_index_temple_generic_petals
Gauntlet: minmay_gauntlet_mixed_big_or_small [gammafunk_gauntlet_arena_teeth,
          minmay_gauntlet_arena_77_run_for_it, gammafunk_gauntlet_arena_split_x,
          minmay_gauntlet_arena_77_cramped, nicolae_gauntlet_arena_flowing_pool,
          minmay_gauntlet_arena_77_checkered, gauntlet_exit_green]

Skill      XL: |  1  2  3  4  5  6  7  8  9 10 11 |
---------------+----------------------------------+-----
Conjurations   | 5 6 7 9 10 11 12 13 14 | 14.3
Hexes          | 3 6 |  6.4
Dodging        | 2 |  2.1
Spellcasting   | 3 4 6 7 |  7.4
Fighting       | 4 |  4.8
Stealth        | |  1.7

Action                   |  1- 3 |  4- 6 |  7- 9 | 10-12 || total
-------------------------+-------+-------+-------+-------++-------
Melee: Unarmed           |    10 |       |       |       ||    10
       Tailslap          |    11 |     8 |    23 |     5 ||    47
       Short sword       |    82 |    82 |       |       ||   164
       Whip              |       |       |   196 |    64 ||   260
 Cast: Magic Dart        |    32 |    32 |    12 |     9 ||    85
       Searing Ray       |       |     8 |    59 |    65 ||   132
       Fulminant Prism   |       |       |     6 |     2 ||     8
       Dazzling Flash    |       |       |     2 |     3 ||     5
 Abil: Breathe Fire      |       |       |     4 |     1 ||     5
  Use: Potion            |       |     5 |       |     4 ||     9
       Scroll            |       |     4 |     8 |    11 ||    23
 Stab: Sleeping          |     2 |     1 |     1 |       ||     4
       Distracted        |       |       |     1 |       ||     1
  Eat: Chunk             |     4 |     5 |    11 |    13 ||    33
       Ration            |       |       |     3 |       ||     3
Armor: Skin              |    30 |    35 |    99 |    88 ||   252
Dodge: Dodged            |    83 |    75 |   154 |   131 ||   443
